Carnivores vs Patriotes
Created - 23 mars 2017 at 19:25
Goals
|
| Carnivores |
1 |
2 |
2 |
5 |
| Patriotes |
1 |
3 |
3 |
7 |
|
Shots
|
| Carnivores |
12 |
10 |
10 |
32 |
| Patriotes |
7 |
12 |
21 |
40 |
|
1st period
1. Carnivores , Chris Lawrence 27 (Sasha Pokulok, Jeremy Williams) at 5:56
2. Patriotes , Barry Tallackson 16 (Zenon Konopka) at 9:44
Penalties :
Tyler Graovac (Bre) for Hooking (Minor) at 10:06
2nd period
3. Patriotes , Zenon Konopka 19 (Barry Tallackson, Fedor Fedorov) at 3:50 (PP)
4. Carnivores , Chris Lawrence 28 (Jeremy Williams, Frederic St-Denis) at 5:01 (SH)
5. Carnivores , Chris Lawrence 29 (Mikael Granlund, Lane MacDermid) at 6:31
6. Patriotes , Andrew Gordon 22 (Tomas Kurka, Christian Hanson) at 12:14
7. Patriotes , Melker Karlsson 14 (Lauri Tukonen, Mike Funk) at 18:15
Penalties :
Jeremy Williams (Bre) for Diving (Minor) at 3:33, Anton Gustafsson (Bre) for Holding (Minor) at 4:00, Jeremy Williams (Bre) for Hooking (Minor) at 7:37, Christian Hanson (Nyc) for Holding (Minor) at 15:33, Jordie Benn (Nyc) for Hooking (Minor) at 19:55
3rd period
8. Patriotes , Christian Hanson 12 (Andrew Gordon, Tomas Kurka) at 5:05
9. Patriotes , Zenon Konopka 20 (Ryan Wilson) at 9:51 (PP)
10. Patriotes , Lauri Tukonen 19 (Ryan Wilson) at 12:05
11. Carnivores , Anton Gustafsson 19 (Phil Oreskovic) at 13:38
12. Carnivores , Blake Geoffrion 41 (Zach Jones) at 18:48
Penalties :
Sasha Pokulok (Bre) for Tripping (Minor) at 9:25
Goalie Stats
Erik Ersberg (Bre), 33 saves from 40 shots - (0,825), L, 9-6-2, 60:00 minutes
Marek Schwarz (Nyc), 27 saves from 32 shots - (0,844), W, 24-22-3, 60:00 minutes
Players Stats for Carnivores
Player Name G A P +/- PIM S H SB GA TA FO MP PP MP PK MP
------------------------------------------------------------------------------------
Anton Gustafsson 1 0 1 1 2 1 3 0 1 0 13/31 19:40 2:17 0:00
Blake Geoffrion 1 0 1 1 0 5 1 1 0 0 1/5 23:46 2:17 4:23
Brendan Gallagher 0 0 0 -1 0 5 0 1 2 0 0/0 7:17 0:00 0:00
Chris Lawrence 3 0 3 1 0 9 4 1 0 0 1/2 17:58 1:41 1:24
Colton Orr 0 0 0 0 0 2 0 0 0 0 1/2 12:01 0:00 1:24
Frederic St-Denis 0 1 1 -1 0 0 2 0 0 0 0/0 20:06 1:09 2:39
Jeremy Welsh 0 0 0 0 0 0 2 1 0 0 0/1 15:45 1:41 0:00
Jeremy Williams 0 2 2 1 4 2 2 4 1 0 5/6 22:57 2:17 3:11
Lane MacDermid 0 1 1 -1 0 1 0 0 0 0 2/3 11:36 0:00 1:30
Mark McNeill 0 0 0 0 0 0 0 0 0 0 0/0 0:21 0:00 0:00
Markus Granlund 0 0 0 -1 0 1 0 0 0 0 2/7 9:53 0:00 0:05
Mat Clark 0 0 0 -3 0 0 0 0 0 1 0/0 11:08 0:00 0:00
Mattias Backman 0 0 0 1 0 0 0 1 0 0 0/0 2:40 0:00 0:00
Michael Schumacher 0 0 0 -1 0 0 0 0 0 0 0/0 7:59 0:00 0:24
Mikael Granlund 0 1 1 0 0 3 0 0 0 0 7/14 16:44 1:41 0:59
Nate Schmidt 0 0 0 -3 0 1 0 2 1 0 0/0 11:34 0:00 0:26
Phil Oreskovic 0 1 1 4 0 2 1 3 1 1 0/0 28:46 2:49 4:01
Sasha Pokulok 0 1 1 3 2 0 1 5 0 1 0/0 25:39 2:49 3:35
Tyler Graovac 0 0 0 -1 2 0 0 0 0 0 3/6 7:19 0:00 0:00
Zach Jones 0 1 1 -1 0 0 0 0 0 0 0/0 20:06 1:09 2:39
Players Stats for Patriotes
Player Name G A P +/- PIM S H SB GA TA FO MP PP MP PK MP
------------------------------------------------------------------------------------
Andrew Gordon 1 1 2 2 0 7 1 0 1 0 2/3 23:57 3:52 1:55
Anthony Bitetto 0 0 0 0 0 1 1 1 0 2 0/0 19:32 2:23 1:46
Austin Watson 0 0 0 1 0 0 3 0 0 0 0/0 6:09 0:00 0:00
Barry Tallackson 1 1 2 0 0 4 1 1 2 0 1/1 16:28 2:44 1:01
Christian Hanson 1 1 2 2 2 2 1 0 0 0 15/34 21:55 3:53 0:00
Fedor Fedorov 0 1 1 0 0 3 1 1 0 0 0/2 16:29 2:44 1:02
Jared Knight 0 0 0 0 0 0 0 0 0 0 0/0 0:10 0:03 0:00
Jordie Benn 0 0 0 0 2 0 2 0 0 1 0/0 18:31 2:23 0:46
Lauri Tukonen 1 1 2 1 0 1 0 0 0 0 0/0 7:03 0:00 0:54
Mathieu Perreault 0 0 0 -3 0 2 1 1 0 0 8/9 12:20 0:00 0:00
Matt Calvert 0 0 0 -3 0 2 0 1 0 0 0/0 12:20 0:00 0:00
Mattias Weinhandl 0 0 0 -3 0 4 2 0 0 0 0/0 13:21 0:00 1:01
Melker Karlsson 1 0 1 1 0 2 1 0 0 0 2/4 6:09 0:00 0:00
Mike Funk 0 1 1 1 0 1 0 1 0 0 0/0 11:19 0:00 0:29
Robbie Russo 0 0 0 1 0 0 1 1 0 0 0/0 11:21 0:00 0:31
Ryan Wilson 0 2 2 -1 0 2 6 0 0 0 0/0 29:38 4:17 2:12
Timothy Kunes 0 0 0 -1 0 2 2 2 0 2 0/0 29:38 4:17 2:12
Tomas Kurka 0 2 2 2 0 5 2 0 0 1 4/4 23:59 3:53 2:03
Zach Budish 0 0 0 0 0 0 0 0 0 0 0/0 0:14 0:07 0:00
Zenon Konopka 2 1 3 0 0 2 1 0 0 0 10/20 15:27 2:44 0:00
3 Stars
1 - Chris Lawrence (Bre)
2 - Zenon Konopka (Nyc)
3 - Andrew Gordon (Nyc)
Power Play
Carnivores - 0 on 2 Attempt(s) - 0,00%
Patriotes - 2 on 5 Attempt(s) - 40,00%
Penalty Kill
Carnivores - 3 on 5 Attempt(s) - 60,00%
- Score 1 goal in Penalty Kill
Patriotes - 2 on 2 Attempt(s) - 100,00%
- Score 0 goal in Penalty Kill
Team Stat
Carnivores - Hits : 16 - Faceoff Wins : 35 - Blocked Shots : 19 - Penalty Minutes : 10
Patriotes - Hits : 26 - Faceoff Wins : 42 - Blocked Shots : 9 - Penalty Minutes : 4
Official
Referees : Auger Stephane and Ciamaga Chris
Linesman : Thor Nelson and David Brisebois
Game Notes
Chris Lawrence has scored a Hat Trick!
Finance
Level 1 -- Attendance: 1457 (72,85%) -- Ticket Income 50 995 $
Level 2 -- Attendance: 663 (66,30%) -- Ticket Income 9 945 $
Total Attendance: 2120 (70,67%)
Total Ticket Income: 60 940 $
Other Income: 3 047 $
Total Income: 63 987 $
Carnivores
5 vs 5 Forward
Center Left Wing Right Wing Time % Phy DF OF
1 Anton Gustafsson Blake Geoffrion Jeremy Williams 40 1 2 2
2 Mikael Granlund Jeremy Welsh Chris Lawrence 30 1 2 2
3 Markus Granlund Lane MacDermid Colton Orr 20 1 2 2
4 Tyler Graovac Michael Schumacher Brendan Gallagher 10 1 2 2
5 vs 5 Defense
Defense Defense Time % Phy DF OF
1 Phil Oreskovic Sasha Pokulok 40 1 2 2
2 Frederic St-Denis Zach Jones 30 1 2 2
3 Mat Clark Nate Schmidt 20 1 2 2
4 Mattias Backman Phil Oreskovic 10 1 2 2
PowerPlay Forward
Center Left Wing Right Wing Time % Phy DF OF
1 Anton Gustafsson Blake Geoffrion Jeremy Williams 60 1 2 2
2 Mikael Granlund Jeremy Welsh Chris Lawrence 40 1 2 2
PowerPlay Defense
Defense Defense Time % Phy DF OF
1 Phil Oreskovic Sasha Pokulok 60 1 2 2
2 Frederic St-Denis Zach Jones 40 1 2 2
Penalty Kill 4 Players Forward
Center Wing Time % Phy DF OF
1 Jeremy Williams Blake Geoffrion 60 1 2 2
2 Chris Lawrence Colton Orr 40 1 2 2
Penalty Kill 4 Players Defense
Defense Defense Time % Phy DF OF
1 Phil Oreskovic Sasha Pokulok 60 1 2 2
2 Frederic St-Denis Zach Jones 40 1 2 2
Penalty Kill - 3 Players Forward
Forward Time % Phy DF OF
1 Jeremy Williams 60 1 2 2
2 Blake Geoffrion 40 1 2 2
Penalty Kill - 3 Players Defense
Defense Defense Time % Phy DF OF
1 Phil Oreskovic Sasha Pokulok 60 1 2 2
2 Frederic St-Denis Zach Jones 40 1 2 2
4 vs 4 Forward
Center Wing Time % Phy DF OF
1 Jeremy Williams Blake Geoffrion 60 1 2 2
2 Chris Lawrence Colton Orr 40 1 2 2
4 vs 4 Defense
Defense Defense Time % Phy DF OF
1 Phil Oreskovic Sasha Pokulok 60 1 2 2
2 Frederic St-Denis Zach Jones 40 1 2 2
Last Minutes Offensive
Center Left Wing Right Wing Defense Defense
Anton Gustafsson Blake Geoffrion Jeremy Williams Phil Oreskovic Sasha Pokulok
Last Minutes Defensive
Center Left Wing Right Wing Defense Defense
Anton Gustafsson Blake Geoffrion Jeremy Williams Phil Oreskovic Sasha Pokulok
Goaltenders
Starting : Erik Ersberg
Backup : Antti Raanta
Extra Forwards
Normal : Mark McNeill, Brendan Gallagher, Lane MacDermid - PP : Mark McNeill, Brendan Gallagher - PK : Lane MacDermid
Extra Defensemen
Normal : Mat Clark, Nate Schmidt, Mattias Backman - PP : Mat Clark - PK : Nate Schmidt, Mattias Backman
Penalty Shots
Jeremy Williams, Blake Geoffrion, Chris Lawrence, Colton Orr, Anton Gustafsson
Patriotes
5 vs 5 Forward
Center Left Wing Right Wing Time % Phy DF OF
1 Christian Hanson Tomas Kurka Andrew Gordon 40 1 2 2
2 Zenon Konopka Fedor Fedorov Barry Tallackson 30 1 2 2
3 Mathieu Perreault Matt Calvert Mattias Weinhandl 20 1 2 2
4 Melker Karlsson Austin Watson Lauri Tukonen 10 1 2 2
5 vs 5 Defense
Defense Defense Time % Phy DF OF
1 Ryan Wilson Timothy Kunes 40 1 2 2
2 Jordie Benn Anthony Bitetto 30 1 2 2
3 Mike Funk Robbie Russo 20 1 2 2
4 Ryan Wilson Timothy Kunes 10 1 2 2
PowerPlay Forward
Center Left Wing Right Wing Time % Phy DF OF
1 Christian Hanson Tomas Kurka Andrew Gordon 60 1 2 2
2 Zenon Konopka Fedor Fedorov Barry Tallackson 40 1 2 2
PowerPlay Defense
Defense Defense Time % Phy DF OF
1 Ryan Wilson Timothy Kunes 60 1 2 2
2 Jordie Benn Anthony Bitetto 40 1 2 2
Penalty Kill 4 Players Forward
Center Wing Time % Phy DF OF
1 Tomas Kurka Andrew Gordon 60 1 2 2
2 Barry Tallackson Mattias Weinhandl 40 1 2 2
Penalty Kill 4 Players Defense
Defense Defense Time % Phy DF OF
1 Ryan Wilson Timothy Kunes 60 1 2 2
2 Jordie Benn Anthony Bitetto 40 1 2 2
Penalty Kill - 3 Players Forward
Forward Time % Phy DF OF
1 Tomas Kurka 60 1 2 2
2 Andrew Gordon 40 1 2 2
Penalty Kill - 3 Players Defense
Defense Defense Time % Phy DF OF
1 Ryan Wilson Timothy Kunes 60 1 2 2
2 Jordie Benn Anthony Bitetto 40 1 2 2
4 vs 4 Forward
Center Wing Time % Phy DF OF
1 Tomas Kurka Andrew Gordon 60 1 2 2
2 Barry Tallackson Mattias Weinhandl 40 1 2 2
4 vs 4 Defense
Defense Defense Time % Phy DF OF
1 Ryan Wilson Timothy Kunes 60 1 2 2
2 Jordie Benn Anthony Bitetto 40 1 2 2
Last Minutes Offensive
Center Left Wing Right Wing Defense Defense
Christian Hanson Tomas Kurka Andrew Gordon Ryan Wilson Timothy Kunes
Last Minutes Defensive
Center Left Wing Right Wing Defense Defense
Christian Hanson Tomas Kurka Andrew Gordon Ryan Wilson Timothy Kunes
Goaltenders
Starting : Marek Schwarz
Backup : Jason Missiaen
Extra Forwards
Normal : Zach Budish, Jared Knight, Lauri Tukonen - PP : Zach Budish, Jared Knight - PK : Lauri Tukonen
Extra Defensemen
Normal : Mike Funk, Robbie Russo, Jordie Benn - PP : Mike Funk - PK : Robbie Russo, Jordie Benn
Penalty Shots
Tomas Kurka, Andrew Gordon, Barry Tallackson, Mattias Weinhandl, Christian Hanson
% Time on Ice - Carnivores
Lines # - Real PCT - Wanted PCT - Time Play
Normal Forward
1 - 35% - 40% - 17:24
2 - 30% - 30% - 14:53
3 - 20% - 20% - 9:48
4 - 15% - 10% - 7:17
Normal Defense
1 - 39% - 40% - 19:16
2 - 33% - 30% - 16:18
3 - 23% - 20% - 11:08
4 - 5% - 10% - 2:40
PP Forward
1 - 58% - 60% - 2:17
2 - 42% - 40% - 1:41
PP Defense
1 - 71% - 60% - 2:49
2 - 29% - 40% - 1:09
PK Forward
1 - 79% - 60% - 5:16
2 - 21% - 40% - 1:24
PK Defense
1 - 60% - 60% - 4:01
2 - 40% - 40% - 2:39
PK3 Forward
1 - 0% - 60%
2 - 0% - 40%
PK3 Defense
1 - 0% - 60%
2 - 0% - 40%
44 Forward
1 - 0% - 60%
2 - 0% - 40%
44 Defense
1 - 0% - 60%
2 - 0% - 40%
Last Minute Offensive - 0:00
Last Minute Defensive - 0:00
Total
Forward - 60:00
Defense - 60:00
|
% Time on Ice - Patriotes
Lines # - Real PCT - Wanted PCT - Time Play
Normal Forward
1 - 37% - 40% - 18:10
2 - 26% - 30% - 12:43
3 - 25% - 20% - 12:20
4 - 12% - 10% - 6:09
Normal Defense
1 - 40% - 40% - 19:56
2 - 31% - 30% - 15:23
3 - 22% - 20% - 10:50
4 - 7% - 10% - 3:13
PP Forward
1 - 59% - 60% - 3:56
2 - 41% - 40% - 2:44
PP Defense
1 - 64% - 60% - 4:17
2 - 36% - 40% - 2:23
PK Forward
1 - 74% - 60% - 2:57
2 - 26% - 40% - 1:01
PK Defense
1 - 55% - 60% - 2:12
2 - 45% - 40% - 1:46
PK3 Forward
1 - 0% - 60%
2 - 0% - 40%
PK3 Defense
1 - 0% - 60%
2 - 0% - 40%
44 Forward
1 - 0% - 60%
2 - 0% - 40%
44 Defense
1 - 0% - 60%
2 - 0% - 40%
Last Minute Offensive - 0:00
Last Minute Defensive - 0:00
Total
Forward - 60:00
Defense - 60:00
|
Play by Play
1st period
0:01 of 1st period - Christian Hanson wins face-off versus Anton Gustafsson in neutral zone.
0:10 of 1st period - Wrist shot by Tomas Kurka.
0:10 of 1st period - Shot Misses the Net.
0:16 of 1st period - Ryan Wilson is hit by Jeremy Williams and loses puck.
0:36 of 1st period - Wrist shot by Mikael Granlund.
0:36 of 1st period - Shot Blocked by Timothy Kunes.
0:46 of 1st period - Zach Jones is hit by Ryan Wilson.
1:41 of 1st period - Mike Funk is hit by Chris Lawrence and loses puck.
2:00 of 1st period - Slapshot by Lane MacDermid.
2:00 of 1st period - Shot Blocked by Robbie Russo.
2:08 of 1st period - Nate Schmidt is hit by Austin Watson and loses puck.
2:40 of 1st period - Snap shot by Jeremy Williams.
2:40 of 1st period - Stopped by Marek Schwarz without a rebound.
2:41 of 1st period - Anton Gustafsson wins face-off versus Christian Hanson in Patriotes zone.
2:52 of 1st period - Snap shot by Jeremy Williams.
2:52 of 1st period - Stopped by Marek Schwarz without a rebound.
2:53 of 1st period - Mikael Granlund wins face-off versus Zenon Konopka in Patriotes zone.
3:23 of 1st period - Snap shot by Blake Geoffrion.
3:23 of 1st period - Shot Misses the Net.
3:44 of 1st period - Timothy Kunes is hit by Jeremy Williams.
3:56 of 1st period - Off-side.
3:57 of 1st period - Zenon Konopka wins face-off versus Mikael Granlund in neutral zone.
4:02 of 1st period - Sasha Pokulok is hit by Barry Tallackson and loses puck.
4:09 of 1st period - Wrist shot by Barry Tallackson.
4:09 of 1st period - Deflect By Zenon Konopka.
4:09 of 1st period - Shot Misses the Net.
4:09 of 1st period - Puck is out of play.
4:10 of 1st period - Mathieu Perreault wins face-off versus Markus Granlund in Carnivores zone.
4:53 of 1st period - Icing by Ryan Wilson.
4:54 of 1st period - Christian Hanson wins face-off versus Anton Gustafsson in Patriotes zone.
4:54 of 1st period - Christian Hanson is hit by Blake Geoffrion.
5:04 of 1st period - Snap shot by Tomas Kurka.
5:04 of 1st period - Stopped by Erik Ersberg without a rebound.
5:05 of 1st period - Zenon Konopka wins face-off versus Markus Granlund in Carnivores zone.
5:52 of 1st period - Slapshot by Chris Lawrence.
5:52 of 1st period - Stopped by Marek Schwarz with a rebound.
5:54 of 1st period - Slapshot by Sasha Pokulok.
5:54 of 1st period - Shot Blocked by Mike Funk.
5:56 of 1st period - Slapshot by Chris Lawrence.
5:56 of 1st period - Goal by Chris Lawrence - Carnivores : 1 - Patriotes : 0.
5:57 of 1st period - Melker Karlsson wins face-off versus Jeremy Welsh in neutral zone.
6:00 of 1st period - Jeremy Welsh is hit by Ryan Wilson and loses puck.
6:12 of 1st period - Icing by Jeremy Welsh.
6:13 of 1st period - Christian Hanson wins face-off versus Mikael Granlund in Carnivores zone.
6:24 of 1st period - Slapshot by Andrew Gordon.
6:24 of 1st period - Shot Misses the Net.
7:10 of 1st period - Snap shot by Jeremy Welsh.
7:10 of 1st period - Deflect By Chris Lawrence.
7:10 of 1st period - Stopped by Marek Schwarz with a rebound.
7:14 of 1st period - Wrist shot by Chris Lawrence.
7:14 of 1st period - Stopped by Marek Schwarz with a rebound.
7:16 of 1st period - Snap shot by Chris Lawrence.
7:16 of 1st period - Shot Misses the Net.
7:22 of 1st period - Wrist shot by Mikael Granlund.
7:22 of 1st period - Stopped by Marek Schwarz with a rebound.
7:24 of 1st period - Slapshot by Frederic St-Denis.
7:24 of 1st period - Shot Misses the Net.
7:26 of 1st period - Wrist shot by Chris Lawrence.
7:26 of 1st period - Stopped by Marek Schwarz without a rebound.
7:27 of 1st period - Anton Gustafsson wins face-off versus Zenon Konopka in Patriotes zone.
7:32 of 1st period - Snap shot by Blake Geoffrion.
7:32 of 1st period - Shot Misses the Net.
8:53 of 1st period - Icing by Fedor Fedorov.
8:54 of 1st period - Markus Granlund wins face-off versus Zenon Konopka in Patriotes zone.
9:42 of 1st period - Snap shot by Barry Tallackson.
9:42 of 1st period - Shot Blocked by Nate Schmidt.
9:44 of 1st period - Snap shot by Barry Tallackson.
9:44 of 1st period - Goal by Barry Tallackson - Carnivores : 1 - Patriotes : 1.
9:45 of 1st period - Tyler Graovac wins face-off versus Christian Hanson in neutral zone.
10:06 of 1st period - Minor Penalty to Tyler Graovac for Hooking.
10:07 of 1st period - Christian Hanson wins face-off versus Blake Geoffrion in Carnivores zone.
10:16 of 1st period - Snap shot by Tomas Kurka.
10:16 of 1st period - Stopped by Erik Ersberg without a rebound.
10:17 of 1st period - Jeremy Williams wins face-off versus Christian Hanson in Carnivores zone.
10:30 of 1st period - Sasha Pokulok is hit by Tomas Kurka.
11:14 of 1st period - Wrist shot by Andrew Gordon.
11:14 of 1st period - Stopped by Erik Ersberg with a rebound.
11:18 of 1st period - Wrist shot by Andrew Gordon.
11:18 of 1st period - Shot Blocked by Blake Geoffrion.
11:20 of 1st period - Slapshot by Timothy Kunes.
11:20 of 1st period - Shot Misses the Net.
11:22 of 1st period - Snap shot by Tomas Kurka.
11:22 of 1st period - Stopped by Erik Ersberg with a rebound.
11:24 of 1st period - Wrist shot by Tomas Kurka.
11:24 of 1st period - Shot Blocked by Jeremy Williams.
11:26 of 1st period - Slapshot by Ryan Wilson.
11:26 of 1st period - Shot Blocked by Jeremy Williams.
11:28 of 1st period - Wrist shot by Ryan Wilson.
11:28 of 1st period - Shot Blocked by Sasha Pokulok.
11:30 of 1st period - Snap shot by Tomas Kurka.
11:30 of 1st period - Shot Misses the Net.
11:32 of 1st period - Slapshot by Tomas Kurka.
11:32 of 1st period - Deflect By Andrew Gordon.
11:32 of 1st period - Shot Blocked by Sasha Pokulok.
11:32 of 1st period - Puck is out of play.
11:33 of 1st period - Chris Lawrence wins face-off versus Zenon Konopka in Carnivores zone.
11:46 of 1st period - Wrist shot by Zenon Konopka.
11:46 of 1st period - Shot Misses the Net.
11:48 of 1st period - Slapshot by Anthony Bitetto.
11:48 of 1st period - Stopped by Erik Ersberg without a rebound.
11:49 of 1st period - Zenon Konopka wins face-off versus Chris Lawrence in Carnivores zone.
12:06 of 1st period - Penalty to Tyler Graovac is over, Tyler Graovac is back on ice.
12:12 of 1st period - Wrist shot by Brendan Gallagher.
12:12 of 1st period - Stopped by Marek Schwarz without a rebound.
12:13 of 1st period - Mathieu Perreault wins face-off versus Tyler Graovac in Patriotes zone.
12:24 of 1st period - Slapshot by Phil Oreskovic.
12:24 of 1st period - Shot Hit the Post.
12:38 of 1st period - Jeremy Welsh is hit by Ryan Wilson and loses puck.
12:49 of 1st period - Wrist shot by Zenon Konopka.
12:49 of 1st period - Deflect By Barry Tallackson.
12:49 of 1st period - Deflect By Chris Lawrence.
12:49 of 1st period - Shot Blocked by Mattias Backman.
12:49 of 1st period - Puck is out of play.
12:50 of 1st period - Jeremy Williams wins face-off versus Christian Hanson in Carnivores zone.
12:50 of 1st period - Jeremy Williams is hit by Anthony Bitetto.
13:12 of 1st period - Icing by Jordie Benn.
13:13 of 1st period - Markus Granlund wins face-off versus Christian Hanson in Patriotes zone.
13:22 of 1st period - Snap shot by Andrew Gordon.
13:22 of 1st period - Shot Misses the Net.
13:38 of 1st period - Icing by Andrew Gordon.
13:39 of 1st period - Mathieu Perreault wins face-off versus Anton Gustafsson in Patriotes zone.
14:06 of 1st period - Ryan Wilson is hit by Frederic St-Denis and loses puck.
14:13 of 1st period - Snap shot by Chris Lawrence.
14:13 of 1st period - Stopped by Marek Schwarz without a rebound.
14:14 of 1st period - Christian Hanson wins face-off versus Blake Geoffrion in Patriotes zone.
14:23 of 1st period - Wrist shot by Blake Geoffrion.
14:23 of 1st period - Stopped by Marek Schwarz with a rebound.
15:00 of 1st period - Andrew Gordon is hit by Jeremy Welsh and loses puck.
15:27 of 1st period - Snap shot by Fedor Fedorov.
15:27 of 1st period - Shot Misses the Net.
15:29 of 1st period - Wrist shot by Fedor Fedorov.
15:29 of 1st period - Shot Misses the Net.
15:31 of 1st period - Backhand shot by Timothy Kunes.
15:31 of 1st period - Shot Misses the Net.
15:33 of 1st period - Wrist shot by Barry Tallackson.
15:33 of 1st period - Stopped by Erik Ersberg with a rebound.
16:03 of 1st period - Lane MacDermid is hit by Melker Karlsson and loses puck.
16:28 of 1st period - Wrist shot by Barry Tallackson.
16:28 of 1st period - Shot Misses the Net.
16:52 of 1st period - Mathieu Perreault is hit by Anton Gustafsson and loses puck.
17:07 of 1st period - Snap shot by Phil Oreskovic.
17:07 of 1st period - Stopped by Marek Schwarz with a rebound.
17:28 of 1st period - Lane MacDermid is hit by Austin Watson and loses puck.
18:01 of 1st period - Snap shot by Anton Gustafsson.
18:01 of 1st period - Shot Misses the Net.
18:47 of 1st period - Chris Lawrence is hit by Mathieu Perreault and loses puck.
19:37 of 1st period - Slapshot by Brendan Gallagher.
19:37 of 1st period - Shot Blocked by Fedor Fedorov.
19:41 of 1st period - Wrist shot by Brendan Gallagher.
19:41 of 1st period - Shot Misses the Net.
Goals for this period are 1 for Carnivores vs 1 for Patriotes.
Shots for this period are 12 for Carnivores vs 7 for Patriotes.
2nd period
0:01 of 2nd period - Anton Gustafsson wins face-off versus Christian Hanson in neutral zone.
0:35 of 2nd period - Snap shot by Mikael Granlund.
0:35 of 2nd period - Deflect By Chris Lawrence.
0:35 of 2nd period - Stopped by Marek Schwarz without a rebound.
0:36 of 2nd period - Zenon Konopka wins face-off versus Anton Gustafsson in Patriotes zone.
0:40 of 2nd period - Off-side.
0:41 of 2nd period - Anton Gustafsson wins face-off versus Zenon Konopka in neutral zone.
1:10 of 2nd period - Andrew Gordon is hit by Chris Lawrence and loses puck.
1:27 of 2nd period - Snap shot by Brendan Gallagher.
1:27 of 2nd period - Stopped by Marek Schwarz without a rebound.
1:28 of 2nd period - Mathieu Perreault wins face-off versus Tyler Graovac in Patriotes zone.
1:37 of 2nd period - Wrist shot by Mattias Weinhandl.
1:37 of 2nd period - Shot Misses the Net.
1:39 of 2nd period - Wrist shot by Matt Calvert.
1:39 of 2nd period - Shot Blocked by Brendan Gallagher.
1:41 of 2nd period - Slapshot by Timothy Kunes.
1:41 of 2nd period - Shot Blocked by Nate Schmidt.
1:43 of 2nd period - Wrist shot by Matt Calvert.
1:43 of 2nd period - Shot Misses the Net.
2:14 of 2nd period - Off-side.
2:15 of 2nd period - Mikael Granlund wins face-off versus Zenon Konopka in neutral zone.
2:42 of 2nd period - Snap shot by Mikael Granlund.
2:42 of 2nd period - Shot Misses the Net.
2:44 of 2nd period - Wrist shot by Blake Geoffrion.
2:44 of 2nd period - Stopped by Marek Schwarz without a rebound.
2:45 of 2nd period - Anton Gustafsson wins face-off versus Christian Hanson in Patriotes zone.
3:03 of 2nd period - Snap shot by Blake Geoffrion.
3:03 of 2nd period - Stopped by Marek Schwarz with a rebound.
3:33 of 2nd period - Minor Penalty to Jeremy Williams for Diving.
3:34 of 2nd period - Barry Tallackson wins face-off versus Lane MacDermid in Carnivores zone.
3:44 of 2nd period - Snap shot by Barry Tallackson.
3:44 of 2nd period - Stopped by Erik Ersberg with a rebound.
3:46 of 2nd period - Slapshot by Fedor Fedorov.
3:46 of 2nd period - Shot Misses the Net.
3:50 of 2nd period - Wrist shot by Zenon Konopka.
3:50 of 2nd period - Goal by Zenon Konopka - Carnivores : 1 - Patriotes : 2.
3:51 of 2nd period - Christian Hanson wins face-off versus Colton Orr in neutral zone.
3:56 of 2nd period - Slapshot by Andrew Gordon.
3:56 of 2nd period - Stopped by Erik Ersberg without a rebound.
3:57 of 2nd period - Anton Gustafsson wins face-off versus Christian Hanson in Carnivores zone.
3:57 of 2nd period - Anton Gustafsson is hit by Timothy Kunes.
4:00 of 2nd period - Minor Penalty to Anton Gustafsson for Holding.
4:01 of 2nd period - Jeremy Williams wins face-off versus Christian Hanson in Carnivores zone.
4:35 of 2nd period - Wrist shot by Zenon Konopka.
4:35 of 2nd period - Shot Misses the Net.
5:01 of 2nd period - Snap shot by Chris Lawrence.
5:01 of 2nd period - Goal by Chris Lawrence - Carnivores : 2 - Patriotes : 2.
5:02 of 2nd period - Andrew Gordon wins face-off versus Jeremy Williams in neutral zone.
6:00 of 2nd period - Penalty to Anton Gustafsson is over, Anton Gustafsson is back on ice.
6:31 of 2nd period - Snap shot by Chris Lawrence.
6:31 of 2nd period - Goal by Chris Lawrence - Carnivores : 3 - Patriotes : 2.
6:32 of 2nd period - Zenon Konopka wins face-off versus Anton Gustafsson in neutral zone.
6:55 of 2nd period - Icing by Barry Tallackson.
6:56 of 2nd period - Zenon Konopka wins face-off versus Mikael Granlund in Patriotes zone.
7:21 of 2nd period - Wrist shot by Matt Calvert.
7:21 of 2nd period - Stopped by Erik Ersberg with a rebound.
7:27 of 2nd period - Slapshot by Ryan Wilson.
7:27 of 2nd period - Deflect By Mathieu Perreault.
7:27 of 2nd period - Stopped by Erik Ersberg with a rebound.
7:29 of 2nd period - Slapshot by Matt Calvert.
7:29 of 2nd period - Shot Misses the Net.
7:31 of 2nd period - Wrist shot by Mathieu Perreault.
7:31 of 2nd period - Shot Blocked by Jeremy Williams.
7:37 of 2nd period - Minor Penalty to Jeremy Williams for Hooking.
7:38 of 2nd period - Lane MacDermid wins face-off versus Christian Hanson in Carnivores zone.
7:51 of 2nd period - Wrist shot by Tomas Kurka.
7:51 of 2nd period - Shot Blocked by Phil Oreskovic.
9:37 of 2nd period - Penalty to Jeremy Williams is over, Jeremy Williams is back on ice.
9:37 of 2nd period - Chris Lawrence is hit by Andrew Gordon and loses puck.
9:54 of 2nd period - Snap shot by Jeremy Williams.
9:54 of 2nd period - Shot Blocked by Matt Calvert.
11:01 of 2nd period - Icing by Anton Gustafsson.
11:02 of 2nd period - Anton Gustafsson wins face-off versus Melker Karlsson in Carnivores zone.
11:07 of 2nd period - Wrist shot by Phil Oreskovic.
11:07 of 2nd period - Shot Misses the Net.
12:07 of 2nd period - Colton Orr is hit by Tomas Kurka and loses puck.
12:12 of 2nd period - Wrist shot by Tomas Kurka.
12:12 of 2nd period - Shot Misses the Net.
12:14 of 2nd period - Wrist shot by Andrew Gordon.
12:14 of 2nd period - Goal by Andrew Gordon - Carnivores : 3 - Patriotes : 3.
12:15 of 2nd period - Anton Gustafsson wins face-off versus Christian Hanson in neutral zone.
12:18 of 2nd period - Ryan Wilson is hit by Anton Gustafsson.
12:34 of 2nd period - Icing by Christian Hanson.
12:35 of 2nd period - Christian Hanson wins face-off versus Markus Granlund in Patriotes zone.
12:50 of 2nd period - Snap shot by Lane MacDermid.
12:50 of 2nd period - Stopped by Marek Schwarz with a rebound.
13:22 of 2nd period - Wrist shot by Mattias Weinhandl.
13:22 of 2nd period - Shot Misses the Net.
14:42 of 2nd period - Icing by Mike Funk.
14:43 of 2nd period - Mathieu Perreault wins face-off versus Markus Granlund in Patriotes zone.
14:59 of 2nd period - Snap shot by Mattias Weinhandl.
14:59 of 2nd period - Stopped by Erik Ersberg with a rebound.
15:05 of 2nd period - Wrist shot by Mathieu Perreault.
15:05 of 2nd period - Stopped by Erik Ersberg with a rebound.
15:07 of 2nd period - Snap shot by Mathieu Perreault.
15:07 of 2nd period - Shot Misses the Net.
15:09 of 2nd period - Wrist shot by Mathieu Perreault.
15:09 of 2nd period - Shot Misses the Net.
15:11 of 2nd period - Slapshot by Mike Funk.
15:11 of 2nd period - Stopped by Erik Ersberg without a rebound.
15:12 of 2nd period - Jeremy Williams wins face-off versus Andrew Gordon in Carnivores zone.
15:33 of 2nd period - Minor Penalty to Christian Hanson for Holding.
15:34 of 2nd period - Tomas Kurka wins face-off versus Blake Geoffrion in Patriotes zone.
17:11 of 2nd period - Anton Gustafsson is hit by Mattias Weinhandl and loses puck.
17:20 of 2nd period - Snap shot by Barry Tallackson.
17:20 of 2nd period - Shot Misses the Net.
17:22 of 2nd period - Snap shot by Barry Tallackson.
17:22 of 2nd period - Shot Misses the Net.
17:24 of 2nd period - Snap shot by Barry Tallackson.
17:24 of 2nd period - Stopped by Erik Ersberg with a rebound.
17:33 of 2nd period - Penalty to Christian Hanson is over, Christian Hanson is back on ice.
17:46 of 2nd period - Backhand shot by Phil Oreskovic.
17:46 of 2nd period - Shot Misses the Net.
17:49 of 2nd period - Icing by Austin Watson.
17:50 of 2nd period - Melker Karlsson wins face-off versus Tyler Graovac in Patriotes zone.
18:15 of 2nd period - Snap shot by Melker Karlsson.
18:15 of 2nd period - Goal by Melker Karlsson - Carnivores : 3 - Patriotes : 4.
18:16 of 2nd period - Christian Hanson wins face-off versus Blake Geoffrion in neutral zone.
18:19 of 2nd period - Wrist shot by Timothy Kunes.
18:19 of 2nd period - Deflect By Andrew Gordon.
18:19 of 2nd period - Stopped by Erik Ersberg without a rebound.
18:20 of 2nd period - Anton Gustafsson wins face-off versus Christian Hanson in Carnivores zone.
19:06 of 2nd period - Colton Orr is hit by Timothy Kunes and loses puck.
19:33 of 2nd period - Snap shot by Brendan Gallagher.
19:33 of 2nd period - Stopped by Marek Schwarz without a rebound.
19:34 of 2nd period - Tyler Graovac wins face-off versus Christian Hanson in Patriotes zone.
19:43 of 2nd period - Slapshot by Brendan Gallagher.
19:43 of 2nd period - Stopped by Marek Schwarz with a rebound.
19:45 of 2nd period - Slapshot by Nate Schmidt.
19:45 of 2nd period - Shot Blocked by Anthony Bitetto.
19:47 of 2nd period - Slapshot by Nate Schmidt.
19:47 of 2nd period - Stopped by Marek Schwarz without a rebound.
19:48 of 2nd period - Anton Gustafsson wins face-off versus Zenon Konopka in Patriotes zone.
19:53 of 2nd period - Snap shot by Blake Geoffrion.
19:53 of 2nd period - Shot Misses the Net.
19:55 of 2nd period - Minor Penalty to Jordie Benn for Hooking.
19:56 of 2nd period - Tomas Kurka wins face-off versus Anton Gustafsson in Patriotes zone.
Goals for this period are 2 for Carnivores vs 3 for Patriotes.
Shots for this period are 10 for Carnivores vs 12 for Patriotes.
3rd period
0:01 of 3rd period - Tomas Kurka wins face-off versus Anton Gustafsson in neutral zone.
0:04 of 3rd period - Backhand shot by Timothy Kunes.
0:04 of 3rd period - Shot Blocked by Sasha Pokulok.
1:55 of 3rd period - Penalty to Jordie Benn is over, Jordie Benn is back on ice.
2:03 of 3rd period - Wrist shot by Colton Orr.
2:03 of 3rd period - Stopped by Marek Schwarz with a rebound.
2:05 of 3rd period - Snap shot by Markus Granlund.
2:05 of 3rd period - Stopped by Marek Schwarz without a rebound.
2:06 of 3rd period - Lane MacDermid wins face-off versus Zenon Konopka in Patriotes zone.
2:45 of 3rd period - Wrist shot by Mattias Weinhandl.
2:45 of 3rd period - Stopped by Erik Ersberg with a rebound.
3:13 of 3rd period - Snap shot by Brendan Gallagher.
3:13 of 3rd period - Stopped by Marek Schwarz with a rebound.
3:34 of 3rd period - Snap shot by Fedor Fedorov.
3:34 of 3rd period - Stopped by Erik Ersberg with a rebound.
3:36 of 3rd period - Snap shot by Fedor Fedorov.
3:36 of 3rd period - Stopped by Erik Ersberg without a rebound.
3:37 of 3rd period - Christian Hanson wins face-off versus Anton Gustafsson in Carnivores zone.
3:38 of 3rd period - Snap shot by Tomas Kurka.
3:38 of 3rd period - Shot Misses the Net.
3:40 of 3rd period - Slapshot by Andrew Gordon.
3:40 of 3rd period - Stopped by Erik Ersberg with a rebound.
3:50 of 3rd period - Blake Geoffrion is hit by Jordie Benn and loses puck.
4:08 of 3rd period - Slapshot by Barry Tallackson.
4:08 of 3rd period - Shot Blocked by Phil Oreskovic.
4:10 of 3rd period - Snap shot by Barry Tallackson.
4:10 of 3rd period - Deflect By Zenon Konopka.
4:10 of 3rd period - Shot Blocked by Sasha Pokulok.
4:10 of 3rd period - Puck is out of play.
4:11 of 3rd period - Mikael Granlund wins face-off versus Christian Hanson in Carnivores zone.
4:20 of 3rd period - Snap shot by Andrew Gordon.
4:20 of 3rd period - Shot Misses the Net.
4:22 of 3rd period - Snap shot by Andrew Gordon.
4:22 of 3rd period - Stopped by Erik Ersberg with a rebound.
4:26 of 3rd period - Wrist shot by Tomas Kurka.
4:26 of 3rd period - Stopped by Erik Ersberg without a rebound.
4:27 of 3rd period - Anton Gustafsson wins face-off versus Zenon Konopka in Carnivores zone.
4:27 of 3rd period - Anton Gustafsson is hit by Ryan Wilson.
4:34 of 3rd period - Ryan Wilson is hit by Sasha Pokulok and loses puck.
4:55 of 3rd period - Wrist shot by Fedor Fedorov.
4:55 of 3rd period - Stopped by Erik Ersberg without a rebound.
4:56 of 3rd period - Andrew Gordon wins face-off versus Mikael Granlund in Carnivores zone.
5:03 of 3rd period - Slapshot by Christian Hanson.
5:03 of 3rd period - Shot Misses the Net.
5:05 of 3rd period - Snap shot by Christian Hanson.
5:05 of 3rd period - Deflect By Jeremy Welsh.
5:05 of 3rd period - Goal by Christian Hanson - Carnivores : 3 - Patriotes : 5.
5:06 of 3rd period - Christian Hanson wins face-off versus Anton Gustafsson in neutral zone.
5:09 of 3rd period - Jeremy Williams is hit by Christian Hanson and loses puck.
5:40 of 3rd period - Backhand shot by Ryan Wilson.
5:40 of 3rd period - Shot Misses the Net.
5:44 of 3rd period - Slapshot by Ryan Wilson.
5:44 of 3rd period - Deflect By Colton Orr.
5:44 of 3rd period - Stopped by Erik Ersberg without a rebound.
5:45 of 3rd period - Zenon Konopka wins face-off versus Anton Gustafsson in Carnivores zone.
5:58 of 3rd period - Wrist shot by Barry Tallackson.
5:58 of 3rd period - Shot Misses the Net.
6:00 of 3rd period - Wrist shot by Zenon Konopka.
6:00 of 3rd period - Shot Misses the Net.
6:12 of 3rd period - Matt Calvert is hit by Chris Lawrence and loses puck.
6:31 of 3rd period - Mattias Weinhandl is hit by Frederic St-Denis and loses puck.
6:54 of 3rd period - Snap shot by Mattias Weinhandl.
6:54 of 3rd period - Shot Misses the Net.
7:27 of 3rd period - Jeremy Williams is hit by Mattias Weinhandl and loses puck.
7:32 of 3rd period - Wrist shot by Mattias Weinhandl.
7:32 of 3rd period - Stopped by Erik Ersberg with a rebound.
7:38 of 3rd period - Snap shot by Mattias Weinhandl.
7:38 of 3rd period - Stopped by Erik Ersberg with a rebound.
7:40 of 3rd period - Wrist shot by Matt Calvert.
7:40 of 3rd period - Shot Blocked by Jeremy Williams.
7:42 of 3rd period - Wrist shot by Matt Calvert.
7:42 of 3rd period - Stopped by Erik Ersberg without a rebound.
7:43 of 3rd period - Mikael Granlund wins face-off versus Christian Hanson in Carnivores zone.
7:58 of 3rd period - Slapshot by Mike Funk.
7:58 of 3rd period - Shot Blocked by Sasha Pokulok.
8:25 of 3rd period - Colton Orr is hit by Zenon Konopka and loses puck.
8:33 of 3rd period - Icing by Zach Jones.
8:34 of 3rd period - Tyler Graovac wins face-off versus Melker Karlsson in Carnivores zone.
8:41 of 3rd period - Slapshot by Frederic St-Denis.
8:41 of 3rd period - Shot Misses the Net.
8:55 of 3rd period - Tyler Graovac is hit by Ryan Wilson and loses puck.
9:14 of 3rd period - Wrist shot by Melker Karlsson.
9:14 of 3rd period - Shot Misses the Net.
9:16 of 3rd period - Wrist shot by Lauri Tukonen.
9:16 of 3rd period - Shot Misses the Net.
9:18 of 3rd period - Snap shot by Lauri Tukonen.
9:18 of 3rd period - Shot Misses the Net.
9:20 of 3rd period - Slapshot by Ryan Wilson.
9:20 of 3rd period - Shot Misses the Net.
9:22 of 3rd period - Snap shot by Melker Karlsson.
9:22 of 3rd period - Deflect By Frederic St-Denis.
9:22 of 3rd period - Stopped by Erik Ersberg without a rebound.
9:23 of 3rd period - Anton Gustafsson wins face-off versus Christian Hanson in Carnivores zone.
9:25 of 3rd period - Minor Penalty to Sasha Pokulok for Tripping.
9:26 of 3rd period - Jeremy Williams wins face-off versus Christian Hanson in Carnivores zone.
9:51 of 3rd period - Snap shot by Zenon Konopka.
9:51 of 3rd period - Goal by Zenon Konopka - Carnivores : 3 - Patriotes : 6.
9:52 of 3rd period - Christian Hanson wins face-off versus Anton Gustafsson in neutral zone.
9:57 of 3rd period - Slapshot by Timothy Kunes.
9:57 of 3rd period - Stopped by Erik Ersberg without a rebound.
9:58 of 3rd period - Christian Hanson wins face-off versus Anton Gustafsson in Carnivores zone.
10:07 of 3rd period - Slapshot by Tomas Kurka.
10:07 of 3rd period - Shot Misses the Net.
10:21 of 3rd period - Snap shot by Jeremy Williams.
10:21 of 3rd period - Deflect By Blake Geoffrion.
10:21 of 3rd period - Shot Misses the Net.
10:21 of 3rd period - Puck is out of play.
10:22 of 3rd period - Mikael Granlund wins face-off versus Fedor Fedorov in Patriotes zone.
10:23 of 3rd period - Snap shot by Chris Lawrence.
10:23 of 3rd period - Shot Blocked by Barry Tallackson.
10:52 of 3rd period - Slapshot by Ryan Wilson.
10:52 of 3rd period - Stopped by Erik Ersberg with a rebound.
10:57 of 3rd period - Wrist shot by Timothy Kunes.
10:57 of 3rd period - Stopped by Erik Ersberg with a rebound.
11:16 of 3rd period - Off-side.
11:17 of 3rd period - Zenon Konopka wins face-off versus Mikael Granlund in neutral zone.
11:26 of 3rd period - Slapshot by Zenon Konopka.
11:26 of 3rd period - Shot Blocked by Phil Oreskovic.
11:28 of 3rd period - Snap shot by Fedor Fedorov.
11:28 of 3rd period - Shot Blocked by Chris Lawrence.
12:05 of 3rd period - Wrist shot by Lauri Tukonen.
12:05 of 3rd period - Goal by Lauri Tukonen - Carnivores : 3 - Patriotes : 7.
12:06 of 3rd period - Christian Hanson wins face-off versus Anton Gustafsson in neutral zone.
12:06 of 3rd period - Christian Hanson is hit by Anton Gustafsson.
12:12 of 3rd period - Slapshot by Tomas Kurka.
12:12 of 3rd period - Shot Misses the Net.
12:16 of 3rd period - Snap shot by Tomas Kurka.
12:16 of 3rd period - Stopped by Erik Ersberg without a rebound.
12:17 of 3rd period - Anton Gustafsson wins face-off versus Christian Hanson in Carnivores zone.
12:50 of 3rd period - Icing by Frederic St-Denis.
12:51 of 3rd period - Mikael Granlund wins face-off versus Fedor Fedorov in Carnivores zone.
13:28 of 3rd period - Wrist shot by Andrew Gordon.
13:28 of 3rd period - Deflect By Zach Jones.
13:28 of 3rd period - Shot Misses the Net.
13:28 of 3rd period - Puck is out of play.
13:29 of 3rd period - Mathieu Perreault wins face-off versus Anton Gustafsson in Carnivores zone.
13:38 of 3rd period - Snap shot by Anton Gustafsson.
13:38 of 3rd period - Goal by Anton Gustafsson - Carnivores : 4 - Patriotes : 7.
13:39 of 3rd period - Christian Hanson wins face-off versus Anton Gustafsson in neutral zone.
13:58 of 3rd period - Blake Geoffrion is hit by Ryan Wilson and loses puck.
14:06 of 3rd period - Icing by Phil Oreskovic.
14:07 of 3rd period - Zenon Konopka wins face-off versus Anton Gustafsson in Carnivores zone.
14:20 of 3rd period - Wrist shot by Blake Geoffrion.
14:20 of 3rd period - Stopped by Marek Schwarz without a rebound.
14:21 of 3rd period - Christian Hanson wins face-off versus Mikael Granlund in Patriotes zone.
14:25 of 3rd period - Tomas Kurka is hit by Chris Lawrence and loses puck.
14:47 of 3rd period - Markus Granlund is hit by Fedor Fedorov and loses puck.
15:03 of 3rd period - Icing by Ryan Wilson.
15:04 of 3rd period - Mathieu Perreault wins face-off versus Anton Gustafsson in Patriotes zone.
15:29 of 3rd period - Anthony Bitetto is hit by Jeremy Welsh.
15:33 of 3rd period - Snap shot by Mikael Granlund.
15:33 of 3rd period - Stopped by Marek Schwarz without a rebound.
15:34 of 3rd period - Mikael Granlund wins face-off versus Christian Hanson in Patriotes zone.
15:51 of 3rd period - Slapshot by Chris Lawrence.
15:51 of 3rd period - Deflect By Mikael Granlund.
15:51 of 3rd period - Stopped by Marek Schwarz with a rebound.
15:53 of 3rd period - Slapshot by Frederic St-Denis.
15:53 of 3rd period - Deflect By Jeremy Welsh.
15:53 of 3rd period - Shot Misses the Net.
15:53 of 3rd period - Puck is out of play.
15:54 of 3rd period - Blake Geoffrion wins face-off versus Zenon Konopka in Patriotes zone.
16:21 of 3rd period - Icing by Ryan Wilson.
16:22 of 3rd period - Tomas Kurka wins face-off versus Mikael Granlund in Patriotes zone.
16:37 of 3rd period - Snap shot by Christian Hanson.
16:37 of 3rd period - Stopped by Erik Ersberg with a rebound.
16:45 of 3rd period - Chris Lawrence is hit by Jordie Benn and loses puck.
17:30 of 3rd period - Slapshot by Andrew Gordon.
17:30 of 3rd period - Stopped by Erik Ersberg with a rebound.
17:32 of 3rd period - Slapshot by Jordie Benn.
17:32 of 3rd period - Deflect By Andrew Gordon.
17:32 of 3rd period - Shot Blocked by Jeremy Welsh.
17:32 of 3rd period - Puck is out of play.
17:33 of 3rd period - Zenon Konopka wins face-off versus Anton Gustafsson in Carnivores zone.
18:10 of 3rd period - Sasha Pokulok is hit by Robbie Russo and loses puck.
18:25 of 3rd period - Brendan Gallagher is hit by Austin Watson and loses puck.
18:46 of 3rd period - Slapshot by Blake Geoffrion.
18:46 of 3rd period - Shot Misses the Net.
18:48 of 3rd period - Snap shot by Blake Geoffrion.
18:48 of 3rd period - Goal by Blake Geoffrion - Carnivores : 5 - Patriotes : 7.
18:49 of 3rd period - Colton Orr wins face-off versus Mathieu Perreault in neutral zone.
18:54 of 3rd period - Snap shot by Colton Orr.
18:54 of 3rd period - Shot Misses the Net.
18:56 of 3rd period - Snap shot by Lane MacDermid.
18:56 of 3rd period - Deflect By Colton Orr.
18:56 of 3rd period - Shot Blocked by Timothy Kunes.
18:56 of 3rd period - Puck is out of play.
18:57 of 3rd period - Mathieu Perreault wins face-off versus Markus Granlund in Patriotes zone.
18:57 of 3rd period - Mathieu Perreault is hit by Phil Oreskovic.
19:23 of 3rd period - Wrist shot by Colton Orr.
19:23 of 3rd period - Shot Blocked by Mathieu Perreault.
19:25 of 3rd period - Slapshot by Phil Oreskovic.
19:25 of 3rd period - Stopped by Marek Schwarz with a rebound.
19:41 of 3rd period - Snap shot by Colton Orr.
19:41 of 3rd period - Stopped by Marek Schwarz with a rebound.
19:43 of 3rd period - Slapshot by Sasha Pokulok.
19:43 of 3rd period - Shot Misses the Net.
Goals for this period are 2 for Carnivores vs 3 for Patriotes.
Shots for this period are 10 for Carnivores vs 21 for Patriotes.
Back to the Top